 Dungeon Crawl Stone Soup version 0.20.1-1-g8b1a95d (webtiles) character file.

197 McKennaii the Insei (level 5, -2/33 HPs)
             Began as an Octopode Transmuter on Aug 10, 2017.
             Was a Follower of Cheibriados.
             Slain by Blork the orc
             ... wielding a +6 war axe of freezing
              (4 damage)
             ... on level 4 of the Dungeon.
             The game lasted 00:04:42 (2875 turns).

McKennaii the Insei (Octopode Transmuter)           Turns: 2875, Time: 00:04:43

Health: -2/33      AC:  2    Str: 12    XL:     5   Next: 75%
Magic:  0/8        EV: 20    Int: 19    God:    Cheibriados [*.....]
Gold:   154        SH:  0    Dex: 21    Spells: 2/8 levels left

rFire    . . .     SeeInvis .     - Unarmed
rCold    . . .     Gourm    .   (shield currently unavailable)
rNeg     . . .     Faith    .   (helmet currently unavailable)
rPois    .         Spirit   .   (no amulet)
rElec    .         Reflect  .   d - ring of stealth
rCorr    .         Harm     .   k - ring of poison resistance
MR       .....                  (no ring)
Stlth    ++++......             (no ring)
Regen    0.2/turn               (no ring)
MPRegen  0.2/turn               (no ring)
                                (no ring)
                                (no ring)

@: spider-form (expiring), very slightly contaminated, very slow
A: almost no armour, stealthy swim, (amphibious), 8 rings, (constrict 8)
a: End Transformation, Bend Time, Renounce Religion


You were on level 4 of the Dungeon.
You worshipped Cheibriados.
Cheibriados was aware of your devotion.
You were very hungry.
You were a venomous arachnid creature.
You visited 1 branch of the dungeon, and saw 4 of its levels.

You collected 154 gold pieces.

Inventory:

Missiles
 a - 41 arrows
Jewellery
 d - a ring of stealth (left front leg)
 k - a ring of poison resistance (right front leg)
Scrolls
 f - 3 scrolls of remove curse
 g - a scroll of teleportation
 i - a scroll of blinking {unknown}
 l - a scroll of identify {unknown}
 n - 2 scrolls of enchant weapon {unknown}
 r - a scroll of magic mapping {unknown}
 s - a scroll of noise {unknown}
 u - 2 scrolls of recharging {unknown}
Potions
 e - a potion of might {unknown}
 h - a potion of agility {unknown}
 o - a potion of degeneration {unknown}
 q - 2 potions of brilliance {unknown}
 t - a potion of curing {unknown}
 w - a potion of flight {unknown}
Books
 b - a book of Changes

   Spells                             Type                      Level
   a - Beastly Appendage              Transmutation                1
   b - Sticks to Snakes               Transmutation                2
   c - Spider Form                    Transmutation/Poison         3
   d - Ice Form                       Ice/Transmutation            4
   e - Blade Hands                    Transmutation                5
 m - a book of Misfortune

   Spells                             Type                      Level
   a - Confusing Touch                Hexes                        1
   b - Confuse                        Hexes                        3
   c - Gell's Gravitas                Translocation                3
   d - Petrify                        Transmutation/Earth          4
   e - Metabolic Englaciation         Hexes/Ice                    5
   f - Yara's Violent Unravelling     Hexes/Transmutation          5
Comestibles
 c - 2 bread rations
 j - a meat ration
 p - 3 fruits
 v - 2 royal jellies


   Skills:
 + Level 1.3 Fighting
 + Level 2.3 Dodging
 * Level 3.4 Stealth
 * Level 4.8 Unarmed Combat
 + Level 2.2 Spellcasting
 * Level 2.7 Transmutations


You had 2 spell levels left.
You knew the following spells:

 Your Spells              Type           Power        Failure   Level  Hunger
a - Beastly Appendage     Tmut           ##....       16%         1    #......
b - Sticks to Snakes      Tmut           ##......     22%         2    ##.....
c - Spider Form           Tmut/Pois      #.........   50%         3    ###....


Dungeon Overview and Level Annotations

Branches:
Dungeon (4/15)
 Temple: D:4-7

Altars:
Cheibriados

Annotations:
D:4 Blork the orc


Innate Abilities, Weirdness & Mutations

You cannot wear most types of armour.
You are very stealthy in the water. (Stealth+)
((You are amphibious.))
You can wear up to eight rings at the same time.
((You can use your tentacles to constrict eight enemies at once.))
((Your skin changes colour to match your surroundings (Stealth+).))
((Your rubbery body absorbs attacks. (AC +1, EV +1)))


Message History

Blork the orc freezes your ball python.
Your ball python dies!
You completely miss Blork the orc.
Blork the orc is moderately wounded.
Blork the orc barely misses you.
Unknown command.
You closely miss Blork the orc.
Blork the orc is moderately wounded.
Blork the orc barely misses you. The hound skeleton bites you.
The hound skeleton closely misses you.
Unknown command.
You hit Blork the orc but do no damage.
Blork the orc is heavily wounded.
Blork the orc hits you with a war axe of freezing!
* * * LOW HITPOINT WARNING * * *
Blork the orc freezes you.
* * * LOW HITPOINT WARNING * * *
The hound skeleton completely misses you.
Blork the orc hits you with a war axe of freezing.
You die...

# #.# #.## #.##. .. #.#
... #.##. #.#####.#
#.######.##.
#.......####.#......##.
####.........#..#......
#.........##.#......
#.........##.#......
#.........'..#.####.
#..s......####.####.
#.Zo######........#.
....... #.###.##.##
.......... #.#.#.##.#.
........... #.#......#.
...........#
#.#.#.#####
...........# #.#...#
... ...........#
#.##### ... #.. ..>.


You could see Blork the orc and a hound skeleton.

Vanquished Creatures
  A scorpion (D:3)
  5 adders
  2 dart slugs
  8 orcs (D:3)
  2 ball pythons (D:1)
  A giant cockroach (D:2)
  9 goblins
  7 hobgoblins
  9 jackals
  2 quokkas (D:3)
  9 bats
  4 frilled lizards
  15 kobolds
  6 rats (D:1)
80 creatures vanquished.

Vanquished Creatures (collateral kills)
  A worm (D:2)
1 creature vanquished.

Grand Total: 81 creatures vanquished

Notes
Turn   | Place    | Note
-------+----------+-------------------------------------------
     0 | D:1      | McKennaii the Octopode Transmuter began the quest for the Orb.
     0 | D:1      | Reached XP level 1. HP: 13/13 MP: 3/3
   326 | D:1      | Reached XP level 2. HP: 17/18 MP: 5/5
   330 | D:1      | Learned a level 2 spell: Sticks to Snakes
   552 | D:1      | Reached XP level 3. HP: 15/23 MP: 6/6
   553 | D:1      | Reached skill level 1 in Stealth
   558 | D:1      | Learned a level 3 spell: Spider Form
   948 | D:1      | Reached skill level 4 in Unarmed Combat
  1262 | D:2      | Reached XP level 4. HP: 24/28 MP: 7/7
  2006 | D:3      | Found a snail-covered altar of Cheibriados.
  2019 | D:3      | Became a worshipper of Cheibriados the Contemplative
  2074 | D:3      | Reached XP level 5. HP: 10/33 MP: 6/8
  2321 | D:3      | Reached * piety under Cheibriados
  2866 | D:4      | Noticed Blork the orc
  2875 | D:4      | Slain by Blork the orc

Skill      XL: |  1  2  3  4  5 |
---------------+----------------+-----
Stealth        | 1 2 3 |  3.4
Unarmed Combat | 4 |  4.8
Fighting       | |  1.3
Dodging        | |  2.3
Spellcasting   | |  2.2
Transmutations | |  2.7

Action                   |  1- 3 |  4- 6 || total
-------------------------+-------+-------++-------
Melee: Unarmed           |    89 |    83 ||   172
       Constrict         |    22 |    23 ||    45
       Tentacles         |    17 |    14 ||    31
       Punch             |     1 |     1 ||     2
       Kick              |       |     2 ||     2
 Cast: Sticks to Snakes  |       |     4 ||     4
       Beastly Appendage |       |     1 ||     1
       Spider Form       |       |     1 ||     1
  Use: Scroll            |       |     2 ||     2
 Stab: Sleeping          |     9 |    14 ||    23
  Eat: Chunk             |     1 |     2 ||     3
       Royal jelly       |       |     1 ||     1
Armor: Skin              |     6 |     6 ||    12
Dodge: Dodged            |    62 |    51 ||   113
